AoeStats
← agufiru17

Arabia

510652676Analyzed
1v1 RM · 2d ago on Oct 2, 2026· 45m 11s· 2 players
Game mode
Random Map
Map size
Tiny (2 player)
Population
200
Speed
Normal
Resources
Standard
Victory
Conquest
Starting age
Dark Age
Ending age
Imperial Age
RankedLock teamsTeams togetherTeam positionsShared explorationLock speedFull tech treeHidden civsTurbo modeCheats
Victory
Defeat
🇺🇸 Ethiopians · United States
1183
+16
🇦🇷 Turks · Argentina
1187
-16
Steezmeister93
7:56 Loom
10:15 Feudal Age
12:44 Double-Bit Axe
15:41 Fletching
18:16 Padded Archer Armor
23:48 Castle Age
23:59 Crossbowman
24:45 Thumb Ring
24:37 Bodkin Arrow
24:57 Leather Archer Armor
25:08 Bow Saw
28:30 Wheelbarrow
29:38 Gold Mining
35:28 Imperial Age
34:37 Stone Mining
35:11 Ballistics
35:29 Arbalester
36:11 Bracer
36:27 Leather Archer Armor
37:30 Chemistry
39:40 Scale Mail Armor
39:50 Forging
41:05 Ring Archer Armor
41:09 Chain Mail Armor
41:17 Squires
41:13 Arson
44:37 Conscription
agufiru17
6:37 Loom
8:58 Feudal Age
9:28 Double-Bit Axe
16:46 Bloodlines
19:43 Castle Age
18:13 Scale Barding Armor
19:25 Bloodlines
19:15 Gold Mining
20:42 Bow Saw
20:48 Forging
30:38 Wheelbarrow
29:53 Horse Collar
30:26 Town Watch
31:29 Husbandry
32:38 Chain Barding Armor
38:38 Imperial Age
36:44 Fletching
37:47 Iron Casting
37:48 Padded Archer Armor
39:05 Bodkin Arrow
40:12 Plate Barding Armor
41:50 Blast Furnace
42:53 Bracer
43:20 Conscription
Connection lost

Rejoining the realm…

Still unreachable

The connection could not be restored.

Session expired

The server has moved on; the page needs a fresh start.